 Dungeon Crawl Stone Soup version 0.25.0-26-g0c896c7088 (webtiles) character file.

Game seed: 15800767102867463630

(classic levelgen) 483 EnegeticOcto the Cleaver (level 6, -1/55 HPs)
             Began as a Deep Dwarf Fighter on July 4, 2020.
             Killed from afar by Sigmund (10 damage)
             ... with a puff of flame
             ... on level 4 of the Dungeon.
             The game lasted 00:03:20 (640 turns).

EnegeticOcto the Cleaver (Deep Dwarf Fighter)        Turns: 640, Time: 00:03:20

Health: -1/55      AC:  6    Str: 24    XL:     6   Next: 88%
Magic:  0/0        EV:  7    Int:  8    God:
Gold:   43         SH:  9    Dex: 12    Spells: 5/5 levels left

rFire    . . .     SeeInvis .   a - +0 war axe
rCold    . . .     Gourm    .   c - +0 kite shield
rNeg     . . .     Faith    .   b - +0 scale mail
rPois    .         Spirit   .   (helmet restricted)
rElec    .         Reflect  .   (no cloak)
rCorr    .         Harm     .   (no gloves)
MR       .....                  (no boots)
Stlth    ..........             (no amulet)
HPRegen  0.00/turn              (no ring)
MPRegen  0.07/turn              (no ring)

@: stab, non-regenerating
A: damage resistance, heal wounds, antennae 1, sense surroundings 1, strong 1,
no regeneration
a: Heal Wounds


You were on level 4 of the Dungeon.
You were not hungry.

You visited 1 branch of the dungeon, and saw 5 of its levels.

You collected 43 gold pieces.

Inventory:

Hand Weapons
 a - a +0 war axe (weapon)
Armour
 b - a +0 scale mail (worn)
 c - a +0 kite shield (worn)
Scrolls
 f - 4 scrolls of magic mapping {@r5 !r}
 h - 2 scrolls of teleportation {unknown}
 j - a scroll of random uselessness
Potions
 d - a potion of might {@q3 !q}
Comestibles
 e - 2 rations


   Skills:
 - Level 2.6 Fighting
 + Level 8.2 Axes
 - Level 3.2 Armour
 - Level 3.2 Shields


You had 5 spell levels left.
You didn't know any spells.
Your spell library was empty.

Dungeon Overview and Level Annotations

Branches:
Dungeon (5/15)
 Temple: D:4-7

Altars:
Cheibriados
Elyvilon
Kikubaaqudgha
Nemelex Xobeh
Trog
Vehumet
Zin
The Shining One

Annotations:
D:4 Sigmund


Innate Abilities, Weirdness & Mutations

You are resistant to damage.
You can heal yourself by infusing magical energy.
You passively map a small area around you.
You do not regenerate.
You have a pair of small antennae on your head.
Your muscles are strong. (Str +2)


Message History

The orc throws a boomerang.
The boomerang closely misses you.
Found a robe.
The orc throws a boomerang.
You block the boomerang.
The weapon returns to the orc!
Sigmund and a skeleton come into view.
Sigmund shouts!
You hear a shout!
Sigmund says, "Now you see me, now you don't..."
Sigmund mumbles some strange words.
Sigmund flickers and vanishes!
Deactivating autopickup; reactivate with Ctrl-A.
The orc throws a boomerang.
The boomerang barely misses you.
The orc throws a boomerang.
You block the boomerang.
The weapon returns to the orc!
It was a potion of stabbing.
You feel ready to backstab.
It was a potion of mutation.
You feel extremely strange. A pair of antennae grows on your head!
You feel stronger.
The orc throws a boomerang.
You block the boomerang.
The weapon returns to the orc!
It was a potion of lignification.
You turn into a tree.
Your +0 scale mail melds into your body.
Your roots penetrate the ground.
The orc throws a boomerang.
The boomerang hits you but does no damage.
The weapon returns to the orc!
You cannot move.
Unknown command.
The orc throws a boomerang.
The boomerang hits you but does no damage.
The weapon returns to the orc!
The orc throws a boomerang.
The boomerang hits you but does no damage.
The weapon returns to the orc!
The orc throws a boomerang.
You block the boomerang.
The weapon returns to the orc!
You block the orc's attack. The orc hits you but does no damage.
Something hits you but does no damage.
You hit the orc but do no damage. The orc hits you but does no damage.
Something hits you but does no damage. You block the orc's attack.
You hit the orc but do no damage. The orc hits you but does no damage.
Something hits you but does no damage.
You hit the orc but do no damage. The orc hits you but does no damage.
You slash the orc!
You kill the orc!
Something hits you but does no damage.
You aren't carrying any items that you can evoke.
Unknown command.
Okay, then.
As you read the scroll labeled CUYNLOQACH, it crumbles to dust.
It is a scroll of amnesia.
You feel forgetful for a moment. Something hits you but does no damage.
As you read the scroll labeled KORISI YLIOV, it crumbles to dust.
You hear a loud clanging noise!
It was a scroll of noise.
You hear a shout! x2
The centaur skeleton barely misses you.
As you read the scroll labeled FADAP OSHUIM, it crumbles to dust.
It is a scroll of identify.
j - a scroll of random uselessness You hear some strange, mumbled words.
Something tries to affect you, but you resist.
The centaur skeleton hits you but does no damage.
As you read the scroll labeled SUKHLIO XACLOROY, it crumbles to dust.
You feel blessed for a moment.
It was a scroll of remove curse.
The centaur skeleton hits you.
* * * LOW HITPOINT WARNING * * *
Something hits you but does no damage. The centaur skeleton hits you.
* * * LOW HITPOINT WARNING * * *
You cannot move.
You cannot move.
You slash the centaur skeleton!
The centaur skeleton is moderately damaged.
You block the centaur skeleton's attack.
Something hits you but does no damage.
You hit the centaur skeleton.
The centaur skeleton is heavily damaged.
The centaur skeleton barely misses you. Something hits you but does no damage.
The centaur skeleton hits you but does no damage.
You hit the centaur skeleton.
The centaur skeleton is severely damaged.
You block the centaur skeleton's attack.
You slash the centaur skeleton!
You destroy the centaur skeleton!
Something hits you but does no damage.
You cannot move.
You cannot move.
You cannot move.
You swing at nothing.
Your transformation is almost over.
Something hits you but does no damage. Something hits you but does no damage.
Something hits you but does no damage. Something hits you but does no damage.
Something hits you. You block something's attack.
You feel less wooden.
Your +0 scale mail unmelds from your body.
Found a scroll of identify.
A puff of flame appears from out of thin air!
The puff of flame hits you!
You die...

...8....#** #.#..,....,,,**,*,*
#..(..##** #)#.##,...,,,,,,,**
#.....#*,* #.#.#*,,..,,,**,**
##...##*.######.#.#**,*{******,**
,#...#,,........#.# *,*,* **,*
*##.##,*##?....{..# *,,,***** ***
#_#*,* #####..### **,,,,,,***,,
###*,* #...######..*****,,,,
###***,** #...@.......,,**,,,**
..,*,,,,****#.########..***,,,**,
.#****,,,,,...* ******,,,**, .#
**,**###.* **,,,**,,,** .# *,*
#,********,,,,,**,,,, )#
*,*****,,,,,,,*,,***,,***,, .#
*,,,,,,,8,8,8,**,,,**,,,*** .#
*******,,⌠,⌠,,******,,,,,,, .#
*,8,∩,8,**,,,**,,,***


There were no monsters in sight!

Vanquished Creatures
  Eustachio (D:4)
  2 ogres (D:4)
  2 orc priests (D:4)
  A centaur skeleton (D:4)
  2 worker ants (D:4)
  An adder (D:2)
  A shadow imp (D:4)
  A leopard gecko (D:4)
  5 orcs (D:4)
  4 bats
  3 goblins (D:2)
  3 hobgoblins
  A kobold (D:2)
  A frilled lizard (D:1)
  2 rats
30 creatures vanquished.

Notes
Turn   | Place    | Note
-------+----------+-------------------------------------------
     0 | D:1      | EnegeticOcto the Deep Dwarf Fighter began the quest for the
                  | Orb.
     0 | D:1      | Reached XP level 1. HP: 20/20 MP: 1/1
    66 | D:2      | Found a sparkling altar of Nemelex Xobeh.
    83 | D:2      | Reached skill level 3 in Axes
    83 | D:2      | Reached XP level 2. HP: 21/27 MP: 2/2
   242 | D:2      | Found a glowing golden altar of the Shining One.
   243 | D:2      | Found a glowing silver altar of Zin.
   245 | D:2      | Found a white marble altar of Elyvilon.
   264 | D:3      | Found a snail-covered altar of Cheibriados.
   286 | D:5      | Entered Level 5 of the Dungeon
   297 | D:4      | Noticed Eustachio
   299 | D:4      | Noticed a crimson imp
   302 | D:4      | Reached skill level 4 in Axes
   302 | D:4      | Reached XP level 3. HP: 26/33 MP: 3/3
   312 | D:4      | Your magical essence is drained by the effort!
   325 | D:4      | Your magical essence is drained by the effort!
   334 | D:4      | Your magical essence is drained by the effort!
   342 | D:4      | Killed Eustachio
   342 | D:4      | Reached skill level 6 in Axes
   342 | D:4      | Reached XP level 4. HP: 21/40 MP: 1/1
   342 | D:4      | Reached XP level 5. HP: 24/46 MP: 2/2
   385 | D:4      | Your magical essence is drained by the effort!
   391 | D:4      | Noticed an ogre
   401 | D:4      | Your magical essence is drained by the effort!
   408 | D:4      | Killed an ogre
   408 | D:4      | Reached skill level 7 in Axes
   408 | D:4      | Reached XP level 6. HP: 21/55 MP: 1/1
   411 | D:4      | Your magical essence is drained by the effort!
   416 | D:4      | Found an ancient bone altar of Kikubaaqudgha.
   419 | D:4      | Found a radiant altar of Vehumet.
   424 | D:4      | Found a bloodstained altar of Trog.
   458 | D:4      | Reached skill level 8 in Axes
   598 | D:4      | Noticed Sigmund
   605 | D:4      | Gained mutation: You have a pair of small antennae on your
                  | head. [potion of mutation]
   605 | D:4      | Gained mutation: Your muscles are strong. (Str +2) [potion
                  | of mutation]
   640 | D:4      | Killed from afar by Sigmund

Illustrated notes

Levels and vault maps discovered:
D:1:      dpeg_arrival_simpleton_c, layout_rooms, minmay_misc_feat_hallway
D:2:      minmay_kobold_bridge, layout_basic, good_gods_temple_1,
          old_standard_altar, minmay_tetromino_o2
D:3:      layout_rooms, cheibriados_altar_1, first_ration,
          minmay_close_crescents, uniq_natasha, uniq_robin
D:4:      layout_loops_ring, minmay_overflow_temple_star_quad, serial_shops,
          nicolae_shop_temple_entry_statues_fountains, minmay_puff,
          uniq_sigmund, uniq_eustachio
D:5:      layout_cave_pools

Skill      XL: |  1  2  3  4  5  6 |
---------------+-------------------+-----
Axes           | 3 4 6 7 8 |  8.2
Fighting       | |  2.6
Armour         | |  3.2
Shields        | |  3.2

Action                   |  1- 3 |  4- 6 || total
-------------------------+-------+-------++-------
Melee: War axe           |    74 |    49 ||   123
 Abil: Heal Wounds       |     4 |     3 ||     7
  Use: Scroll            |     1 |     4 ||     5
       Potion            |       |     3 ||     3
Armor: Scale mail        |    75 |    11 ||    86
       Skin              |       |    20 ||    20
Dodge: Dodged            |    55 |    14 ||    69
Block: Kite shield       |    95 |    29 ||   124
